General information
- name: BNet
- type: Ladder team game (AT/RT)
- host: Battle.net
- saver: lllove
map: Cherryville
- players: 8
- length: 09:51
- speed: Fast
- version: 1.26 W3XP
- replay type: Public
» download(70 KB)
Players
team 1 (loser)

»
ThugMasteR (
green | 59 APM | 566 actions | 09:37)
4 Archmage
2 Summon Water Elemental
2 Brilliance Aura
» actions
| Assign group hotkey | 24 | |
| Build / train | 41 | |
| Enter build submenu | 22 | |
| Enter hero's abilities submenu | 4 | |
| Give item / drop item | 1 | |
| Right click | 184 | |
| Select / deselect | 177 | |
| Select group hotkey | 80 | |
| Use ability | 33 | |
566 total
» units
| Peasant | 17 | |
| Footman | 5 | |
| Rifleman | 2 | |
24 total
» upgrades
» buildings
| Altar of Kings | 1 | |
| Farm | 8 | |
| Barracks | 1 | |
| Town Hall | 1 | |
| Lumber Mill | 1 | |
| Scout Tower | 5 | |
| Arcane Vault | 1 | |
| Guard Tower | 4 | |
| Keep | 1 | |
| Blacksmith | 1 | |
24 total
» build order
00:08 Altar of Kings
00:12 Farm
00:18 Barracks
01:17 Farm
02:03 Farm
03:21 Farm
03:43 Town Hall
03:48 Lumber Mill
03:54 Scout Tower
03:56 Scout Tower
04:03 Arcane Vault
04:46 Guard Tower
05:49 Scout Tower
05:52 Scout Tower
06:03 Keep
06:07 Farm
06:23 Scout Tower
06:28 Blacksmith
06:33 Guard Tower
06:37 Guard Tower
06:53 Guard Tower
07:03 Farm
07:44 Farm
08:14 Farm
» items
| Lesser Clarity Potion | 1 | |
| Scroll of Regeneration | 1 | |
| Boots of Speed | 1 | |
| Potion of Lesser Invulnerability | 1 | |
4 total

»
fvgndfj (
blue | 81 APM | 776 actions | 09:31)
2 Far Seer
1 Feral Spirit
1 Chain Lighting
2 Mountain King
1 Storm Bolt
1 Bash
1 Shadow Hunter
1 Healing Wave
» actions
| Assign group hotkey | 104 | |
| Basic commands | 20 | |
| Build / train | 38 | |
| Enter build submenu | 21 | |
| Enter hero's abilities submenu | 5 | |
| Give item / drop item | 1 | |
| Right click | 272 | |
| Select / deselect | 132 | |
| Select group hotkey | 143 | |
| Use ability | 39 | |
776 total
» units
| Peasant | 13 | |
| Peon | 4 | |
| Grunt | 4 | |
| Wind Rider | 4 | |
25 total
» upgrades
» buildings
| Orc Burrow | 7 | |
| Altar of Storms | 1 | |
| Barracks | 1 | |
| Farm | 2 | |
| Altar of Kings | 1 | |
| Stronghold | 1 | |
| War Mill | 1 | |
| Voodoo Lounge | 1 | |
| Beastiary | 3 | |
| Fortress | 1 | |
19 total
» build order
00:20 Orc Burrow
00:28 Altar of Storms
00:32 Barracks
00:43 Farm
00:53 Altar of Kings
01:10 Orc Burrow
01:23 Farm
01:46 Stronghold
02:06 Orc Burrow
02:57 War Mill
03:24 Voodoo Lounge
04:10 Beastiary
04:15 Beastiary
04:18 Beastiary
04:44 Orc Burrow
04:46 Orc Burrow
04:48 Fortress
05:39 Orc Burrow
06:02 Orc Burrow
» items
| Healing Salve | 1 | |
| Scroll of Speed | 1 | |
2 total
Chesters (
teal | 0 APM | 0 actions | 00:03)

»
SeQueNce (
orange | 74 APM | 727 actions | 09:48)
3 Blademaster
1 Wind Walk
2 Critical Strike
» actions
| Assign group hotkey | 11 | |
| Basic commands | 54 | |
| Build / train | 26 | |
| ESC pressed | 2 | |
| Enter build submenu | 13 | |
| Enter hero's abilities submenu | 3 | |
| Right click | 448 | |
| Select / deselect | 79 | |
| Select group hotkey | 66 | |
| Use ability | 25 | |
727 total
» units
» upgrades
» buildings
| Altar of Storms | 1 | |
| Barracks | 1 | |
| Orc Burrow | 3 | |
| Voodoo Lounge | 1 | |
| Stronghold | 3 | |
| War Mill | 1 | |
| Beastiary | 2 | |
| Fortress | 1 | |
13 total
» build order
00:17 Altar of Storms
00:26 Barracks
00:38 Orc Burrow
01:41 Orc Burrow
02:13 Voodoo Lounge
02:56 Stronghold
02:56 Stronghold
02:56 Stronghold
04:01 Orc Burrow
04:59 War Mill
06:03 Beastiary
06:18 Beastiary
06:23 Fortress
» items
| Healing Salve | 2 | |
| Lesser Clarity Potion | 1 | |
3 total
team 2 (winner)
lllove (
purple | 57 APM | 564 actions | 09:51)
3 Blood Mage
2 Flame Strike
1 Siphon Mana
» actions
| Assign group hotkey | 18 | |
| Basic commands | 23 | |
| Build / train | 53 | |
| Enter build submenu | 19 | |
| Enter hero's abilities submenu | 3 | |
| Remove unit from queue | 2 | |
| Right click | 194 | |
| Select / deselect | 162 | |
| Select group hotkey | 41 | |
| Use ability | 49 | |
564 total
» units
| Peasant | 14 | |
| Footman | 5 | |
| Sorceress | 5 | |
24 total
» upgrades
| Lumber Harvesting | 1 | |
| Masonry | 2 | |
| Sorceress Training | 1 | |
| Magic Sentry | 1 | |
5 total
» buildings
| Altar of Kings | 1 | |
| Barracks | 1 | |
| Farm | 5 | |
| Keep | 1 | |
| Arcane Vault | 1 | |
| Lumber Mill | 1 | |
| Town Hall | 1 | |
| Arcane Sanctum | 1 | |
| Scout Tower | 7 | |
| Guard Tower | 2 | |
21 total
» build order
00:40 Altar of Kings
00:42 Barracks
00:53 Farm
00:54 Farm
01:08 Farm
01:19 Farm
01:46 Farm
02:59 Keep
03:58 Arcane Vault
04:04 Lumber Mill
05:27 Town Hall
05:33 Arcane Sanctum
08:36 Scout Tower
08:36 Scout Tower
08:37 Scout Tower
08:37 Scout Tower
08:38 Scout Tower
09:09 Guard Tower
09:19 Guard Tower
» items
| Scroll of Regeneration | 3 | |
| Mechanical Critter | 4 | |
| Staff of Teleportation | 1 | |
| Boots of Speed | 1 | |
| Potion of Invisibility | 1 | |
| Potion of Healing | 1 | |
| Potion of Mana | 1 | |
| Lesser Clarity Potion | 1 | |
| Scroll of Town Portal | 1 | |
14 total
iTKjerksORnoobs (
red | 79 APM | 777 actions | 09:49)
3 Death Knight
2 Death Coil
1 Unholy Aura
1 Dark Ranger
1 Black Arrow
» actions
| Assign group hotkey | 37 | |
| Basic commands | 38 | |
| Build / train | 40 | |
| Enter build submenu | 19 | |
| Enter hero's abilities submenu | 4 | |
| Give item / drop item | 1 | |
| Right click | 268 | |
| Select / deselect | 107 | |
| Select group hotkey | 237 | |
| Use ability | 26 | |
777 total
» units
| Acolyte | 10 | |
| Ghoul | 4 | |
| Crypt Fiend | 7 | |
21 total
» upgrades
» buildings
| Graveyard | 1 | |
| Crypt | 1 | |
| Ziggurat | 7 | |
| Altar of Darkness | 1 | |
| Necropolis | 1 | |
| Halls of the Dead | 2 | |
| Tomb of Relics | 2 | |
| Spirit Tower | 3 | |
18 total
» build order
00:09 Graveyard
00:26 Crypt
00:46 Ziggurat
01:27 Altar of Darkness
02:08 Ziggurat
03:22 Ziggurat
05:06 Necropolis
05:58 Halls of the Dead
05:58 Halls of the Dead
06:10 Tomb of Relics
06:27 Spirit Tower
06:45 Ziggurat
06:54 Ziggurat
07:27 Tomb of Relics
07:47 Spirit Tower
07:48 Spirit Tower
07:57 Ziggurat
08:15 Ziggurat
» items
| Scroll of Town Portal | 1 | |
| Potion of Healing | 1 | |
2 total
Uncleacl (
yellow | 68 APM | 670 actions | 09:49)
3 Dreadlord
1 Sleep
2 Vampiric Aura
» actions
| Assign group hotkey | 5 | |
| Basic commands | 8 | |
| Build / train | 54 | |
| Enter build submenu | 16 | |
| Enter hero's abilities submenu | 3 | |
| Remove unit from queue | 1 | |
| Right click | 230 | |
| Select / deselect | 95 | |
| Select group hotkey | 241 | |
| Use ability | 17 | |
670 total
» units
» buildings
| Crypt | 2 | |
| Ziggurat | 7 | |
| Altar of Darkness | 1 | |
| Necropolis | 1 | |
| Nerubian Tower | 1 | |
| Graveyard | 1 | |
13 total
» build order
00:15 Crypt
00:17 Ziggurat
00:45 Altar of Darkness
01:00 Crypt
01:23 Ziggurat
02:38 Ziggurat
04:44 Necropolis
05:20 Ziggurat
06:22 Ziggurat
06:32 Ziggurat
06:33 Ziggurat
07:28 Nerubian Tower
07:37 Graveyard
warNpeace (
pink | 48 APM | 474 actions | 09:49)
3 Mountain King
2 Storm Bolt
1 Bash
» actions
| Basic commands | 2 | |
| Build / train | 42 | |
| Enter build submenu | 16 | |
| Enter hero's abilities submenu | 3 | |
| Right click | 223 | |
| Select / deselect | 147 | |
| Use ability | 41 | |
474 total
» units
| Peasant | 12 | |
| Footman | 5 | |
| Rifleman | 4 | |
21 total
» upgrades
» buildings
| Altar of Kings | 1 | |
| Farm | 5 | |
| Barracks | 3 | |
| Lumber Mill | 2 | |
| Scout Tower | 6 | |
| Guard Tower | 7 | |
| Town Hall | 1 | |
| Arcane Vault | 1 | |
| Blacksmith | 1 | |
| Keep | 1 | |
28 total
» build order
00:37 Altar of Kings
00:40 Farm
00:47 Barracks
01:12 Lumber Mill
01:20 Farm
02:00 Farm
02:49 Scout Tower
02:50 Scout Tower
02:51 Scout Tower
03:18 Guard Tower
04:15 Town Hall
04:31 Scout Tower
04:32 Scout Tower
04:33 Scout Tower
04:37 Arcane Vault
04:46 Guard Tower
04:46 Guard Tower
04:56 Blacksmith
05:02 Guard Tower
05:27 Barracks
05:59 Guard Tower
05:59 Guard Tower
06:35 Barracks
07:06 Farm
07:08 Farm
07:18 Lumber Mill
09:01 Keep
» items
| Scroll of Regeneration | 3 | |
| Lesser Clarity Potion | 4 | |
7 total
Chat log
(00:19 / Allies) lllove: if they stay be ready for them to rush
(00:21 / Allies) warNpeace: going to give irt a go
(00:31 / All) warNpeace: going to give it a go ???
(00:37 / All) Uncleacl: announcement:
(00:40 / All) Uncleacl: leave noobs
(00:58 / Allies) warNpeace: fast expo tear 1 mass and hi tfor me
(01:03 / Allies) warNpeace: guna and footies
(02:26 / All) Uncleacl: you noobs really think you can win?
(02:33 / All) Uncleacl: what a waste of time
(02:42 / Allies) warNpeace: make men plz guys
(02:56 / All) Uncleacl: im gonna alcolyte hog you
(07:14 / All) Uncleacl: shits too easy
(07:35 / All) fvgndfj: with ahck yeah it usually is yellwo
(07:39 / All) warNpeace: can u guy at least try
(07:45 / All) fvgndfj: u ahck we dont
(07:48 / All) fvgndfj: and we have orange
(07:57 / All) Uncleacl: lame noobs
(08:33 / All) fvgndfj: ORANEG IS ABSOLUTELY USELESS
(08:36 / All) fvgndfj: LOOK AT HIM GREEN?
(08:43 / All) fvgndfj: BM AND MASS FUCKIN GRUNTS?
(08:44 / All) fvgndfj: LMAO
(08:46 / All) fvgndfj: GOOD WORK
(08:58 / All) fvgndfj: and u needed ahck to compete vs this shit purple ?
(09:07 / All) fvgndfj: never again will i allie with shit like orange
(09:08 / All) fvgndfj: lmao
(09:13 / All) lllove: >
(09:14 / All) lllove: ?
(09:17 / All) fvgndfj: i won if is stay but i wont caryr him
(09:22 / All) fvgndfj: BM MASS GRUNTS
(09:27 / All) fvgndfj: u think this is ROC?